% Time on Ice - VANCOUVER VOODOO
Lines # - Real PCT - Wanted PCT - Time Play
Normal Forward
1 - 25% - 31% - 10:59
2 - 32% - 30% - 14:10
3 - 26% - 29% - 11:14
4 - 17% - 10% - 7:20
Normal Defense
1 - 39% - 36% - 17:09
2 - 34% - 33% - 14:41
3 - 27% - 31% - 11:53
4 - 0% - 0% - 0:00
PP Forward
1 - 49% - 50% - 0:58
2 - 51% - 50% - 1:01
PP Defense
1 - 49% - 50% - 0:58
2 - 51% - 50% - 1:01
PK Forward
1 - 70% - 60% - 8:07
2 - 30% - 40% - 3:27
PK Defense
1 - 50% - 58% - 5:44
2 - 50% - 42% - 5:50
PK3 Forward
1 - 100% - 50% - 0:45
2 - 0% - 50% - 0:00
PK3 Defense
1 - 100% - 50% - 0:45
2 - 0% - 50% - 0:00
44 Forward
1 - 83% - 55% - 1:39
2 - 17% - 45% - 0:20
44 Defense
1 - 53% - 50% - 1:03
2 - 47% - 50% - 0:56
Last Minute Offensive  - 0:00
Last Minute Defensive  - 0:00
Total
Forward - 60:00
Defense - 60:00
% Time on Ice - ANCHORAGE ACES
Lines # - Real PCT - Wanted PCT - Time Play
Normal Forward
1 - 33% - 36% - 14:35
2 - 33% - 36% - 14:14
3 - 24% - 20% - 10:26
4 - 10% - 8% - 4:28
Normal Defense
1 - 36% - 38% - 15:40
2 - 34% - 37% - 14:40
3 - 29% - 21% - 12:37
4 - 2% - 4% - 0:46
PP Forward
1 - 57% - 65% - 7:02
2 - 43% - 35% - 5:17
PP Defense
1 - 51% - 55% - 6:14
2 - 49% - 45% - 6:05
PK Forward
1 - 45% - 50% - 0:54
2 - 55% - 50% - 1:05
PK Defense
1 - 36% - 50% - 0:43
2 - 64% - 50% - 1:16
PK3 Forward
1 - 0% - 55%
2 - 0% - 45%
PK3 Defense
1 - 0% - 55%
2 - 0% - 45%
44 Forward
1 - 63% - 50% - 1:15
2 - 37% - 50% - 0:44
44 Defense
1 - 78% - 55% - 1:33
2 - 22% - 45% - 0:26
Last Minute Offensive  - 0:00
Last Minute Defensive  - 0:00
Total
Forward - 60:00
Defense - 60:00
Play-by-Play 1st period 0:01 of 1st period - Connor McDavid wins face-off versus Victor Rask in neutral zone. 0:22 of 1st period - Shot by Nathan MacKinnon. 0:22 of 1st period - Shot Misses the Net. 0:24 of 1st period - Shot by Zachary Werenski. 0:24 of 1st period - Stopped by Martin Jones without a rebound. 0:24 of 1st period - Minor Penalty to Nicolas Hague for Hooking. 0:25 of 1st period - Phillip Danault wins face-off versus Max Domi in VANCOUVER VOODOO zone. 0:26 of 1st period - Shot by Chris Kreider. 0:26 of 1st period - Stopped by Martin Jones without a rebound. 0:27 of 1st period - Max Domi wins face-off versus Nikolaj Ehlers in VANCOUVER VOODOO zone. 1:07 of 1st period - Adam Lowry is hit by Nikolaj Ehlers and loses puck. 1:25 of 1st period - Jakob Silfverberg is hit by Jarred Tinordi and loses puck. 1:38 of 1st period - Minor Penalty to Jarred Tinordi for Roughing. 1:39 of 1st period - Phillip Danault wins face-off versus Noel Acciari in VANCOUVER VOODOO zone. 1:52 of 1st period - Shot by Jakob Silfverberg. 1:52 of 1st period - Shot Misses the Net. 2:04 of 1st period - Shot by Jakob Silfverberg. 2:04 of 1st period - Deflect By Chris Kreider. 2:04 of 1st period - Stopped by Martin Jones with a rebound. 2:28 of 1st period - Shot by Connor McDavid. 2:28 of 1st period - Shot Misses the Net. 2:54 of 1st period - Shot by Nathan MacKinnon. 2:54 of 1st period - Shot Misses the Net. 3:24 of 1st period - Shot by Chris Kreider. 3:24 of 1st period - Stopped by Martin Jones without a rebound. 3:25 of 1st period - Max Domi wins face-off versus Nathan MacKinnon in VANCOUVER VOODOO zone. 4:00 of 1st period - Shot by Travis Zajac. 4:00 of 1st period - Shot Blocked by Max Jones. 4:02 of 1st period - Shot by Artturi Lehkonen. 4:02 of 1st period - Deflect By Dominik Simon. 4:02 of 1st period - Stopped by Martin Jones without a rebound. 4:03 of 1st period - Nate Thompson wins face-off versus Adam Gaudette in VANCOUVER VOODOO zone. 4:14 of 1st period - Adam Gaudette is hit by Cal Clutterbuck and loses puck. 4:43 of 1st period - Ben Chiarot is hit by Adam Gaudette and loses puck. 5:18 of 1st period - Shot by Jakob Silfverberg. 5:18 of 1st period - Shot Misses the Net. 5:24 of 1st period - Shot by Nikolaj Ehlers. 5:24 of 1st period - Stopped by Martin Jones with a rebound. 5:36 of 1st period - Shot by Jakob Silfverberg. 5:36 of 1st period - Stopped by Martin Jones without a rebound. 5:37 of 1st period - Nathan MacKinnon wins face-off versus Adam Lowry in VANCOUVER VOODOO zone. 5:40 of 1st period - Shot by Connor McDavid. 5:40 of 1st period - Goal by Connor McDavid - VANCOUVER VOODOO : 0 - ANCHORAGE ACES : 1. 5:41 of 1st period - Adam Lowry wins face-off versus Nathan MacKinnon in neutral zone. 5:52 of 1st period - Icing by Carl Gunnarsson. 5:53 of 1st period - Mark Jankowski wins face-off versus Nathan MacKinnon in ANCHORAGE ACES zone. 6:20 of 1st period - Shot by Brendan Lemieux. 6:20 of 1st period - Shot Misses the Net. 6:22 of 1st period - Shot by Nicolas Hague. 6:22 of 1st period - Stopped by Carey Price without a rebound. 6:23 of 1st period - Adam Lowry wins face-off versus Phillip Danault in ANCHORAGE ACES zone. 6:43 of 1st period - Minor Penalty to Cameron Gaunce for Hooking. 6:44 of 1st period - Nathan MacKinnon wins face-off versus Max Domi in VANCOUVER VOODOO zone. 6:58 of 1st period - Icing by Nikolaj Ehlers. 6:59 of 1st period - Max Domi wins face-off versus Nathan MacKinnon in ANCHORAGE ACES zone. 7:10 of 1st period - Nicolas Hague is hit by Connor McDavid and loses puck. 8:19 of 1st period - Icing by Phillip Danault. 8:20 of 1st period - Noel Acciari wins face-off versus Phillip Danault in ANCHORAGE ACES zone. 8:47 of 1st period - Minor Penalty to Jarred Tinordi for High sticking. 8:48 of 1st period - Adam Lowry wins face-off versus Nathan MacKinnon in VANCOUVER VOODOO zone. 8:54 of 1st period - Icing by Seth Jones. 8:55 of 1st period - Adam Lowry wins face-off versus Nathan MacKinnon in ANCHORAGE ACES zone. 9:06 of 1st period - Shot by Nathan MacKinnon. 9:06 of 1st period - Shot Blocked by Danny DeKeyser. 9:08 of 1st period - Shot by Nathan MacKinnon. 9:08 of 1st period - Goal by Nathan MacKinnon - VANCOUVER VOODOO : 0 - ANCHORAGE ACES : 2. 9:09 of 1st period - Travis Zajac wins face-off versus Victor Rask in neutral zone. 10:03 of 1st period - Icing by Shea Weber. 10:04 of 1st period - Travis Zajac wins face-off versus Adam Gaudette in ANCHORAGE ACES zone. 10:34 of 1st period - Off-side. 10:35 of 1st period - Nathan MacKinnon wins face-off versus Adam Lowry in neutral zone. 10:41 of 1st period - Adam Lowry is hit by Zachary Werenski and loses puck. 11:32 of 1st period - Icing by Zachary Werenski. 11:33 of 1st period - Nathan MacKinnon wins face-off versus Adam Gaudette in ANCHORAGE ACES zone. 11:33 of 1st period - Nathan MacKinnon is hit by Noel Acciari. 11:55 of 1st period - Shot by Noel Acciari. 11:55 of 1st period - Shot Misses the Net. 12:25 of 1st period - Nikolaj Ehlers is hit by Cameron Gaunce and loses puck. 12:53 of 1st period - Icing by Carl Gunnarsson. 12:54 of 1st period - Travis Zajac wins face-off versus Victor Rask in ANCHORAGE ACES zone. 13:10 of 1st period - Minor Penalty to Gustav Nyquist for Interference. 13:11 of 1st period - Nathan MacKinnon wins face-off versus Max Domi in VANCOUVER VOODOO zone. 13:26 of 1st period - Shot by Nikolaj Ehlers. 13:26 of 1st period - Deflect By Connor McDavid. 13:26 of 1st period - Stopped by Martin Jones without a rebound. 13:27 of 1st period - Max Domi wins face-off versus Chris Kreider in VANCOUVER VOODOO zone. 13:44 of 1st period - Shot by Jakob Silfverberg. 13:44 of 1st period - Shot Misses the Net. 13:56 of 1st period - Shot by Shea Weber. 13:56 of 1st period - Deflect By Chris Kreider. 13:56 of 1st period - Stopped by Martin Jones without a rebound. 13:57 of 1st period - Adam Lowry wins face-off versus Connor McDavid in VANCOUVER VOODOO zone. 14:33 of 1st period - Shot by Nathan MacKinnon. 14:33 of 1st period - Stopped by Martin Jones with a rebound. 14:37 of 1st period - Shot by Nathan MacKinnon. 14:37 of 1st period - Shot Misses the Net. 14:41 of 1st period - Shot by Connor McDavid. 14:41 of 1st period - Stopped by Martin Jones without a rebound. 14:42 of 1st period - Adam Lowry wins face-off versus Phillip Danault in VANCOUVER VOODOO zone. 15:57 of 1st period - Icing by Adam Lowry. 15:58 of 1st period - Phillip Danault wins face-off versus Adam Lowry in VANCOUVER VOODOO zone. 17:11 of 1st period - Shot by Nathan MacKinnon. 17:11 of 1st period - Shot Misses the Net. 17:13 of 1st period - Shot by Connor McDavid. 17:13 of 1st period - Stopped by Martin Jones without a rebound. 17:14 of 1st period - Nate Thompson wins face-off versus Adam Gaudette in VANCOUVER VOODOO zone. 17:20 of 1st period - Icing by Noel Acciari. 17:21 of 1st period - Noel Acciari wins face-off versus Nathan MacKinnon in VANCOUVER VOODOO zone. 17:21 of 1st period - Keith Yandle is hit by Chris Kreider and loses puck. 17:34 of 1st period - Shot by Nathan MacKinnon. 17:34 of 1st period - Shot Misses the Net. 18:47 of 1st period - Shot by Phillip Danault. 18:47 of 1st period - Stopped by Martin Jones without a rebound. 18:48 of 1st period - Mark Jankowski wins face-off versus Travis Zajac in VANCOUVER VOODOO zone. 19:19 of 1st period - Shot by Travis Zajac. 19:19 of 1st period - Deflect By Artturi Lehkonen. 19:19 of 1st period - Stopped by Martin Jones without a rebound. 19:20 of 1st period - Phillip Danault wins face-off versus Adam Gaudette in VANCOUVER VOODOO zone. 19:50 of 1st period - Shot by Noel Acciari. 19:50 of 1st period - Stopped by Carey Price without a rebound. 19:51 of 1st period - Nathan MacKinnon wins face-off versus Victor Rask in ANCHORAGE ACES zone. Goals for this period are 0 for VANCOUVER VOODOO vs 2 for ANCHORAGE ACES. Shots for this period are 2 for VANCOUVER VOODOO vs 16 for ANCHORAGE ACES. 2nd period 0:01 of 2nd period - Nathan MacKinnon wins face-off versus Victor Rask in neutral zone. 0:08 of 2nd period - Shot by Connor McDavid. 0:08 of 2nd period - Deflect By Nathan MacKinnon. 0:08 of 2nd period - Shot Blocked by Nicolas Hague. 0:14 of 2nd period - Shot by Connor McDavid. 0:14 of 2nd period - Stopped by Martin Jones with a rebound. 0:39 of 2nd period - Shot by Nathan MacKinnon. 0:39 of 2nd period - Stopped by Martin Jones with a rebound. 1:13 of 2nd period - Shot by Phillip Danault. 1:13 of 2nd period - Shot Misses the Net. 2:04 of 2nd period - Shot by Michael Frolik. 2:04 of 2nd period - Stopped by Martin Jones with a rebound. 2:24 of 2nd period - Nathan Beaulieu is hit by Adam Lowry and loses puck. 3:15 of 2nd period - Shot by Noel Acciari. 3:15 of 2nd period - Stopped by Carey Price with a rebound. 3:17 of 2nd period - Shot b